 Dungeon Sprint DCSS version 0.27-a0-1332-g84bddb5ca7 (webtiles) character file.

Game seed: 8266949152256397122

718 mhtbhm the Thaumaturge (level 7, -5/38 HPs)
             Began as a Deep Elf Earth Elementalist on June 25, 2021.
             Was a Believer of Vehumet.
             Slain by a boulder beetle (18 damage)
             ... in the Dungeon (Sprint IX: "|||||||||||||||||||||||||||||").
             The game lasted 00:02:27 (1189 turns).

mhtbhm the Thaumaturge (DEEE)                       Turns: 1189, Time: 00:02:28

Health: -5/38      AC:  4    Str:  8    XL:     7   Next: 42%
Magic:  0/25       EV: 14    Int: 25    God:    Vehumet [**....]
Gold:   0          SH:  0    Dex: 15    Spells: 17/32 levels left

rFire    . . .     SeeInvis .   a - +2 rapier (drain)
rCold    . . .     Faith    .   (no shield)
rNeg     . . .     Spirit   .   b - +0 robe
rPois    .         Reflect  .   (no helmet)
rElec    .         Harm     .   n - +0 cloak
rCorr    .         Rampage  .   m - +0 pair of gloves
Will     .....     NoTele   +   (no boots)
Stlth    +++.......             (no amulet)
HPRegen  0.12/turn              o - +3 ring of strength
MPRegen  0.19/turn              p - +3 ring of intelligence

@: no status effects
A: no striking features
a: Renounce Religion


You were in the Dungeon.
You worshipped Vehumet.
Vehumet was pleased with you.
You visited 1 branch

Inventory:

Hand Weapons
 a - a +2 rapier of draining (weapon)
Missiles
 i - 19 stones
Armour
 b - a +0 robe (worn)
 m - a +0 pair of gloves (worn)
 n - a +0 cloak (worn)
Jewellery
 o - a +3 ring of strength (left hand)
 p - a +3 ring of intelligence (right hand)
Wands
 l - a wand of iceblast (7)
Scrolls
 h - a scroll of blinking
 k - 2 scrolls of amnesia
Potions
 c - 4 potions of curing
 d - 3 potions of heal wounds
 f - 4 potions of magic
 g - a potion of berserk rage
 j - a potion of invisibility


   Skills:
 + Level 1.1 Fighting
 + Level 5.8 Dodging
 + Level 6.0 Stealth
 + Level 13.4 Spellcasting
 + Level 1.7 Transmutations
 + Level 11.6 Earth Magic
 + Level 1.9 Evocations


You had 17 spell levels left.
You knew the following spells:

 Your Spells              Type           Power      Damage    Failure   Level
a - Sandblast             Erth           100%       2d20      1%          1
b - Passwall              Tmut/Erth      41%        N/A       1%          2
c - Stone Arrow           Conj/Erth      92%        3d12      1%          3
d - Lee's Rapid Deconstr  Erth           33%        3d18*     1%          5
e - Petrify               Tmut/Erth      50%        N/A       2%          4

Your spell library contained the following spells:

 Spells                   Type           Power      Damage    Failure   Level
 Shock                    Conj/Air       64%        1d7       3%          1


Dungeon Overview and Level Annotations

Branches:
Dungeon (1/1)

Altars:
Cheibriados
Dithmenos
Elyvilon
Fedhas
Gozag
Hepliaklqana
Kikubaaqudgha
Makhleb
Nemelex Xobeh
Okawaru
Qazlal
Ru
Sif Muna
Trog
Uskayaw
Vehumet
Wu Jian
Xom
Yredelemnul
Zin
The Shining One
Beogh
Jiyva
Lugonu


Message History

Casting: Lee's Rapid Deconstruction (dangerous; 1% risk of failure)
Confirm with . or Enter, or press ? or * to list all spells.
Aiming: Lee's Rapid Deconstruction (dangerous; 1% risk of failure)
Press: ? - help, Dir - move target, f - boulder beetle, p - purple ugly thing Fragment what (e.g. wall or brittle monster)?: a boulder beetle An open door to the Dungeon.
The stone door frame shatters!
The blast of rock fragments hits the boulder beetle but does no damage.
The boulder beetle curls into a ball and begins rolling!
Unknown command.
Unknown command.
Casting: Lee's Rapid Deconstruction (dangerous; 1% risk of failure)
Confirm with . or Enter, or press ? or * to list all spells.
Aiming: Lee's Rapid Deconstruction (dangerous; 1% risk of failure)
Press: ? - help, Dir - move target, f/p - boulder beetle Fragment what (e.g. wall or brittle monster)?: a boulder beetle (rolling)
An open door to the Dungeon.
The stone door frame shatters!
The blast of rock fragments hits the boulder beetle but does no damage.
Unknown command.
Your health is already full.
Unknown command.
Unknown command.
You hit the boulder beetle but do no damage.
You drain the boulder beetle.
The boulder beetle is lightly wounded.
The boulder beetle hits you!!
Ouch! That really hurt!
The boulder beetle stops rolling and uncurls.
The boulder beetle bites you.
Unknown command.
You see here a +0 plate armour.
Casting: Lee's Rapid Deconstruction (dangerous; 1% risk of failure)
Confirm with . or Enter, or press ? or * to list all spells.
Aiming: Petrify (dangerous; 2% risk of failure)
Press: ? - help, Shift-Dir - straight line, f/p - boulder beetle
Aim: a boulder beetle (lightly wounded, lightly drained, chance to affect: 59%)
The boulder beetle is moving more slowly.
The boulder beetle bites you!!
You die... ▓▓▓▓▓▓▓▓▓▓▓▓▓▓▓▓▓▓▓▓▓▓▓▓▓▓▓▓▓▓▓▓▓ y..c.9'...u..'.B@...)..'_________ ▓▓▓▓▓▓▓▓▓▓▓▓▓▓▓▓▓▓▓▓▓▓▓▓▓▓▓▓▓▓▓▓▓

You could see a boulder beetle (petrifying, drained) and a purple ugly thing.

Vanquished Creatures
  A troll (D)
  A shadow (D)
  A vampire (D)
  A scorpion (D)
  A killer bee (D)
  A jelly (D)
  2 orc priests (D)
  A bat zombie (D)
  A giant cockroach (D)
  2 kobolds (D)
  A ball python (D)
  A quokka skeleton (D)
  A quokka zombie (D)
  A rat (D)
16 creatures vanquished.

Notes
Turn   | Place    | Note
-------+----------+-------------------------------------------
     0 | D        | mhtbhm the Deep Elf Earth Elementalist began the quest for
                  | the Orb.
     0 | D        | Reached XP level 1. HP: 10/10 MP: 6/6
   203 | D        | Noticed a scorpion
   203 | D        | Noticed an orc priest
   203 | D        | Noticed a jelly
   203 | D        | Noticed an orc priest
   205 | D        | Killed an orc priest
   206 | D        | Reached skill level 5 in Spellcasting
   206 | D        | Reached XP level 2. HP: 9/15 MP: 6/10
   206 | D        | Reached XP level 3. HP: 11/19 MP: 6/11
   208 | D        | Reached skill level 6 in Spellcasting
   210 | D        | Reached skill level 7 in Spellcasting
   210 | D        | Reached XP level 4. HP: 15/24 MP: 2/15
   325 | D        | Learned a level 2 spell: Passwall
   329 | D        | Learned a level 3 spell: Stone Arrow
   334 | D        | Killed a scorpion
   335 | D        | Reached skill level 8 in Spellcasting
   335 | D        | Reached XP level 5. HP: 28/28 MP: 8/17
   496 | D        | Found a snail-covered altar of Cheibriados.
   496 | D        | Found a shadowy altar of Dithmenos.
   496 | D        | Found a white marble altar of Elyvilon.
   496 | D        | Found a blossoming altar of Fedhas.
   496 | D        | Found an opulent altar of Gozag.
   497 | D        | Found a hazy altar of Hepliaklqana.
   498 | D        | Found a viscous altar of Jiyva.
   499 | D        | Found an ancient bone altar of Kikubaaqudgha.
   500 | D        | Found a corrupted altar of Lugonu.
   501 | D        | Found a burning altar of Makhleb.
   502 | D        | Found a sparkling altar of Nemelex Xobeh.
   503 | D        | Found an iron altar of Okawaru.
   504 | D        | Found a stormy altar of Qazlal.
   505 | D        | Found a sacrificial altar of Ru.
   506 | D        | Found a shimmering blue altar of Sif Muna.
   507 | D        | Found a bloodstained altar of Trog.
   508 | D        | Found a hide-covered altar of Uskayaw.
   509 | D        | Found a radiant altar of Vehumet.
   510 | D        | Found an ornate altar of the Wu Jian Council.
   511 | D        | Found a shimmering altar of Xom.
   512 | D        | Found a basalt altar of Yredelemnul.
   513 | D        | Found a glowing silver altar of Zin.
   514 | D        | Found a glowing golden altar of the Shining One.
   517 | D        | Became a worshipper of Vehumet
   566 | D        | Learned a level 5 spell: Lee's Rapid Deconstruction
   571 | D        | Learned a level 4 spell: Petrify
   571 | D        | Noticed a troll
   571 | D        | Noticed a shadow
   571 | D        | Noticed a vampire
   576 | D        | Reached skill level 9 in Spellcasting
   592 | D        | Killed a vampire
   592 | D        | Reached * piety under Vehumet
   592 | D        | Offered knowledge of Magic Dart by Vehumet.
   593 | D        | Reached skill level 5 in Dodging
   593 | D        | Reached skill level 5 in Stealth
   593 | D        | Reached skill level 10 in Spellcasting
   593 | D        | Reached skill level 10 in Earth Magic
   593 | D        | Reached skill level 1 in Evocations
   593 | D        | Reached XP level 6. HP: 33/33 MP: 6/21
   594 | D        | Killed a shadow
   595 | D        | Reached skill level 12 in Spellcasting
   954 | D        | Killed a troll
   954 | D        | Reached ** piety under Vehumet
   954 | D        | Offered knowledge of Shock by Vehumet.
   955 | D        | Reached skill level 1 in Fighting
   955 | D        | Reached skill level 13 in Spellcasting
   955 | D        | Reached XP level 7. HP: 38/38 MP: 6/25
  1177 | D        | Noticed a vampire mosquito
  1177 | D        | Noticed a centaur warrior
  1177 | D        | Noticed a tengu conjurer
  1177 | D        | Noticed a boulder beetle
  1177 | D        | Noticed a gargoyle
  1177 | D        | Noticed a purple ugly thing
  1189 | D        | Slain by a boulder beetle

Illustrated notes

Levels and vault maps discovered:
D:        linesprint [early_d, line_temple, items_1, d_10, items_2, lair_1,
          lair_end, items_3, orc_1, orc_end, items_4, d_15, swamp_1, shoals_1,
          snake_1, spider_1, d_20, vaults_1, items_5, swamp_end, shoals_end,
          snake_end, spider_end, vaults_end, d_27, items_6, zot_1, zot_end,
          crypt_end, forest_end, elf_end, slime_end, tomb_end, abyss_end,
          pan_hell_end]

Skill      XL: |  1  2  3  4  5  6 |
---------------+-------------------+-----
Earth Magic    | 6 7 8 10 11 | 11.6
Dodging        | 3 4 5 |  5.8
Stealth        | 3 4 5 6 |  6.0
Spellcasting   | 5 7 8 10 13 | 13.4
Evocations     | 1 |  1.9
Fighting       | 1 |  1.1
Transmutations | |  1.7

Action                   |  1- 3 |  4- 6 |  7- 9 || total
-------------------------+-------+-------+-------++-------
Melee: Rapier            |       |       |     1 ||     1
 Cast: Sandblast         |    13 |     2 |       ||    15
       Stone Arrow       |       |     3 |       ||     3
       Lee's Rapid Decon |       |     6 |     3 ||     9
       Petrify           |       |     1 |     3 ||     4
Evoke: Wand              |       |     3 |       ||     3
  Use: Potion            |       |     2 |       ||     2
       Scroll            |       |       |     1 ||     1
Armor: Robe              |     1 |       |     1 ||     2
Dodge: Dodged            |       |     2 |     1 ||     3

Table legend: (Time is in decaauts)
 A = Elapsed time spent in this place.
 B = Non-inter-level travel time spent in this place.
 C = Inter-level travel time spent in this place.
 D = Time resting spent in this place.
 E = Time spent auto-exploring this place.
 F = Levels seen in this place.
 G = Mean time per level.
                   A        B        C        D        E       F      G
               +--------+--------+--------+--------+--------+-----+--------+
         Total |   1169 |   1169 |      0 |    925 |     60 |   1 | 1169.0 |
       Dungeon |   1169 |   1169 |      0 |    925 |     60 |   1 | 1169.0 |
               +--------+--------+--------+--------+--------+-----+--------+

Top non-repeatable levels by time:
       D: 1169 daAuts
